 Dungeon Crawl Stone Soup version 0.28-a0-1555-g9ae15a6949 (webtiles) character file.

Game seed: 15135426999496074978

9018 sbbq2022 the Summoner (level 11, -6/92 HPs)
             Began as a Mummy Summoner on Jan 18, 2022.
             Was an Elder of Ashenzari.
             Mangled by a manticore (8 damage)
             ... on level 11 of the Dungeon on Jan 19, 2022.
             The game lasted 00:26:28 (14874 turns).

sbbq2022 the Summoner (Mummy Summoner)             Turns: 14874, Time: 00:26:29

Health: -6/92      AC:  9    Str: 13    XL:     11   Next: 17%
Magic:  24/27      EV: 18    Int: 18    God:    Ashenzari [****..]
Gold:   647        SH:  0    Dex: 12    Spells: 27/35 levels left

rFire   . . .      SeeInvis +   r - +6 rapier "Share My Gnosis" {elec, rN+, Self, Fort} (curse)
rCold   + . .      Faith    .   (no shield)
rNeg    + + +      Spirit   .   w - +0 steam dragon scales
rPois   ∞          Reflect  .   a - +1 hat "Cosmic Mistrust" {rElec rF+ Regen+, Comp, Self} (curse)
rElec   +          Harm     .   o - scarf of the Wild Blue Yonder {repulsion, Range, Self} (curse)
rCorr   .          Rampage  .   (no gloves)
Will    +....      Clarity  +   t - +0 pair of boots of the Eye in the Sky {Comp, Fort} (curse)
Stlth   ++........              h - amulet "Prophetic Water Diviner" {Acrobat, Range, Bglg} (curse)
HPRegen 1.05/turn               g - ring "Tethered Morality" {EV+4, Self, Cun} (curse)
MPRegen 0.20/turn               (no ring)

@: repel missiles
A: cold resistance 1, negative energy resistance 3, torment resistance 2, heat
vulnerability 1, no potions
a: Renounce Religion, Shatter the Chains


You were on level 11 of the Dungeon.
You worshipped Ashenzari.
Ashenzari was greatly pleased with you.
You visited 1 branch of the dungeon, and saw 11 of its levels.
You also visited: Ossuary.

You collected 647 gold pieces.

Inventory:

Hand Weapons
 e - a +1 dagger of electrocution
 r - the cursed +6 rapier "Share My Gnosis" (weapon) {elec, rN+, Self, Fort}
   (You found it on level 9 of the Dungeon)

   It occasionally discharges a powerful burst of electricity upon striking a
   foe.
   rN:        It protects you from negative energy.
   It has a curse which improves the following skills: Introspection: Fighting
   and Spellcasting.
   Fortitude: Armour and Shields.
Missiles
 n - a throwing net
Armour
 a - the cursed +1 hat "Cosmic Mistrust" (worn) {rElec rF+ Regen+, Comp, Self}
   (You acquired it on level 8 of the Dungeon)

   rF:        It protects you from fire.
   rElec:     It insulates you from electricity.
   Regen:     It increases your rate of health regeneration.
   It has a curse which improves the following skills: Companions: Summonings
   and Necromancy.
   Introspection: Fighting and Spellcasting.
 o - the cursed scarf of the Wild Blue Yonder (worn) {repulsion, Range, Self}
   (You found it on level 3 of the Dungeon)

   It has a curse which improves the following skills: Ranged Combat: Slings,
   Bows, Crossbows and Throwing.
   Introspection: Fighting and Spellcasting.
 t - the cursed +0 pair of boots of the Eye in the Sky (worn) {Comp, Fort}
   (You found it on level 10 of the Dungeon)

   It has a curse which improves the following skills: Companions: Summonings
   and Necromancy.
   Fortitude: Armour and Shields.
 w - +0 steam dragon scales (worn)
Magical Staves
 m - a staff of cold
Jewellery
 c - a ring of magical power
 g - the cursed ring "Tethered Morality" (left hand) {EV+4, Self, Cun}
   (You found it on level 2 of the Dungeon)

   [ring of evasion]

   EV:        It affects your evasion (+4).
   It has a curse which improves the following skills: Introspection: Fighting
   and Spellcasting.
   Cunning:   Dodging and Stealth.
 h - the cursed amulet "Prophetic Water Diviner" (around neck) {Acrobat, Range, Bglg}
   (You found it on level 2 of the Dungeon)

   [amulet of the acrobat]

   It increases your evasion while moving and waiting.
   It has a curse which improves the following skills: Ranged Combat: Slings,
   Bows, Crossbows and Throwing.
   Beguiling: Conjurations, Hexes and Translocations.
Wands
 l - a wand of polymorph (12)
 q - a wand of paralysis (1)
 v - a wand of flame (25)
 x - a wand of mindburst (9)
 y - a wand of digging (3)
 z - a wand of iceblast (11)
Scrolls
 b - 2 scrolls of torment
 d - 2 scrolls of amnesia
 f - a scroll of enchant armour
 i - 3 scrolls of teleportation
 j - 3 scrolls of magic mapping
 k - a scroll of summoning
 p - a scroll of immolation
 s - a scroll of brand weapon
 u - 2 scrolls of fog


   Skills:
 + Level 5.8(10.4) Fighting
 * Level 7.1 Short Blades
 + Level 4.8(7.6) Armour
 + Level 5.1(7.0) Dodging
 - Level 1.5(2.9) Stealth
 + Level 8.2(12.9) Spellcasting
 * Level 8.5(11.5) Summonings


You had 27 spell levels left.
You knew the following spells:

 Your Spells              Type           Power      Damage    Failure   Level
a - Summon Small Mammal   Summ           100%       N/A       1%          1
b - Call Canine Familiar  Summ           52%        N/A       1%          3
c - Summon Lightning Spi  Summ/Air       32%        N/A       5%          4

Your spell library contained the following spells:

 Spells                   Type           Power      Damage    Failure   Level
 Call Imp                 Summ           52%        N/A       1%          2
 Summon Guardian Golem    Hex/Summ       32%        N/A       1%          3
 Sandblast                Erth           22%        2d7       6%          1
 Passwall                 Tmut/Erth      9%         N/A       9%          2
 Stone Arrow              Conj/Erth      24%        3d8       17%         3
 Animate Dead             Necr           6%         N/A       45%         4
 Haunt                    Necr/Summ      16%        N/A       99%         7
 Infestation              Necr           6%         N/A       100%        8


Dungeon Overview and Level Annotations

Branches:
Dungeon (11/15)            Temple (0/1) D:7            Lair (0/6) D:10
Ossuary (visited)
    Orc: D:9-12

Altars:
Ashenzari
Cheibriados
Fedhas
Kikubaaqudgha
Makhleb
Nemelex Xobeh
Okawaru
Qazlal
Sif Muna
Trog
Xom
The Shining One

Shops:
D:8 (   D:10 *

Portals:
Abyss: D:7

Annotations:
D:5 Prince Ribbit
D:7 2 transporters, HallandMoats's ghost, novice DsFi
D:9 1 runed translucent door, issech's ghost, novice MiFi
D:10 exclusion: oklob plant


Innate Abilities, Weirdness & Mutations

You are immune to poison.
Your flesh is cold resistant. (rC+)
You are immune to negative energy. (rN+++)
You are immune to unholy pain and torment.
You are vulnerable to heat. (rF-)
You do not drink.


Message History

Lightning courses through the manticore!
The manticore is almost dead.
The manticore bites you! The manticore closely misses you.
The manticore misses you.
You are too injured to fight recklessly!
You are too injured to fight recklessly!
You are too injured to fight recklessly!
You are too injured to fight recklessly!
You are too injured to fight recklessly!
Unknown command.
Unknown command.
You barely miss the manticore.
The manticore is almost dead.
The manticore bites you! The manticore claws you.
* * * LOW HITPOINT WARNING * * *
The manticore misses you.
Casting: Call Canine Familiar (safe; 1% risk of failure)
Confirm with . or Enter, or press ? or * to list all spells.
The manticore bites you but does no damage.
The manticore claws you but does no damage.
The manticore completely misses you.
Unknown command.
Unknown command.
You hit the manticore.
The manticore is almost dead.
The manticore bites you!!
* * * LOW HITPOINT WARNING * * *
The manticore barely misses you. x2
Unknown command.
Aiming: Iceblast
Press: ? - help, Shift-Dir - straight line
Okay, then.
Aiming: Paralyse
Press: ? - help, Shift-Dir - straight line, f - manticore
Aim: a manticore (almost dead, ally target, chance to affect: 31%)
The manticore easily resists.
The manticore misses you. The manticore claws you!
* * * LOW HITPOINT WARNING * * *
The manticore claws you!
You die...

* * * , ##### * *, ###.##
### ,, , ###...###.### , ,
*, #########.........## * *
* ......#............#####
*,, ,,
#....h....###...###### ,,
*#)###.#.#@#######.........
* * #.#......H#####
#..#######
.......#.#######..#######
,, * *#.....#..........# *
** #.....#.#######...** **
#.....#.### .... *
#.......## ...., ** *
####.......####, , ### ,
.......{.[....'.,,, ,,+..


You could see a manticore (ally target) and a friendly wolf (summoned).

Vanquished Creatures
  2 boulder beetles
  A centaur warrior (D:10)
  An unseen horror (D:10)
  3 trolls
  3 shadows
  3 yaks (D:11)
  Eustachio (D:6)
  2 steam dragons
  An acid dragon (D:11)
  3 water moccasins
  A sky beast (D:7)
  4 orc warriors (D:11)
  A hornet zombie (D:6)
  An ice beast (D:5)
  A black bear (D:5)
  A necrophage (D:6)
  3 ogres
  2 centaurs
  A phantom (D:5)
  An elf zombie (Ossuary)
  2 kobold brigands
  A nameless horror (D:4)
  2 bullfrogs
  A water moccasin zombie (D:5)
  3 scorpions
  10 killer bees
  3 wights (D:8)
  6 howler monkeys
  An electric eel (D:11)
  3 centaur zombies
  A hound (D:7)
  3 human zombies (Ossuary)
  2 gnoll shamans
  A centaur skeleton (D:7)
  An orc priest (D:7)
  A bullfrog skeleton (D:5)
  3 iguanas
  8 orc wizards
  2 mummies (Ossuary)
  A howler monkey zombie (D:3)
  A howler monkey skeleton (D:7)
  An adder (D:1)
  8 gnolls
  2 worms
  3 dart slugs
  18 orcs
  4 ball pythons (D:1)
  3 endoplasms
  2 giant cockroaches
  3 hobgoblins
  3 jackals (D:4)
  3 quokkas
  A bat (D:2)
  2 frilled lizards
  6 goblins
  11 kobolds
  3 rats
165 creatures vanquished.

Vanquished Creatures (collateral kills)
  Grinder (D:4)
  Edmund (D:6)
  A black bear (D:7)
  An ogre (D:4)
  3 elf zombies (Ossuary)
  A water moccasin zombie (D:5)
  A wight (D:8)
  A howler monkey (D:5)
  A centaur zombie (D:9)
  A jelly (D:5)
  A hound (D:4)
  A bullfrog skeleton (D:6)
  2 human zombies (Ossuary)
  An iguana (D:6)
  A hound skeleton (D:4)
  A mummy (Ossuary)
  5 gnolls
  A howler monkey skeleton (D:5)
  3 orcs (D:9)
  4 ball pythons (D:1)
  An endoplasm (D:1)
  A hobgoblin (D:1)
  A quokka (D:1)
  A frilled lizard (D:1)
  6 kobolds
42 creatures vanquished.

Vanquished Creatures (others)
  2 orcs (D:7)
2 creatures vanquished.

Grand Total: 209 creatures vanquished

Notes
Turn   | Place    | Note
-------+----------+-------------------------------------------
     0 | D:1      | sbbq2022 the Mummy Summoner began the quest for the Orb.
     0 | D:1      | Reached XP level 1. HP: 13/13 MP: 4/4
   500 | D:1      | Reached XP level 2. HP: 11/19 MP: 1/6
  1543 | D:1      | Found a faded altar of an unknown god.
  1940 | D:1      | Reached XP level 3. HP: 14/24 MP: 5/7
  2312 | D:2      | Identified the +2 plate armour of the Hills {Rampage rC-
                  | Str+4 Int+4}
  2540 | D:1      | Learned a level 3 spell: Call Canine Familiar
  3064 | D:3      | Found a snail-covered altar of Cheibriados.
  3314 | D:3      | Reached XP level 4. HP: 24/30 MP: 9/9
  3496 | D:4      | Noticed Grinder
  3496 | D:4      | Found an ancient bone altar of Kikubaaqudgha.
  3617 | D:4      | Paralysed by Grinder for 5 turns
  3626 | D:4      | Killed Grinder
  3627 | D:4      | Reached skill level 1 in Fighting
  3627 | D:4      | Reached skill level 1 in Short Blades
  3627 | D:4      | Reached XP level 5. HP: 9/37 MP: 6/11
  3676 | D:4      | Reached skill level 1 in Armour
  3676 | D:4      | Reached XP level 6. HP: 15/43 MP: 12/12
  4175 | D:4      | Identified the +2 trident of Doubt {venom, rCorr}
  4369 | D:5      | Entered Level 5 of the Dungeon
  4865 | D:5      | Noticed an ice beast
  4887 | D:5      | Killed an ice beast
  4888 | D:5      | Reached skill level 5 in Summonings
  4970 | D:5      | Noticed Prince Ribbit
  5106 | D:5      | Reached XP level 7. HP: 35/49 MP: 9/14
  5237 | D:5      | Noticed a nameless horror
  5291 | D:4      | Killed a nameless horror
  5641 | D:5      | Reached skill level 5 in Spellcasting
  5678 | D:5      | HP: 1/50 [Prince Ribbit (18)]
  6579 | D:4      | Reached XP level 8. HP: 16/57 MP: 11/15
  7654 | D:6      | Found a stormy altar of Qazlal.
  7675 | D:6      | Found a sand-covered staircase.
  7684 | Ossuary  | Entered an ossuary
  8566 | D:6      | Noticed Edmund
  8636 | D:6      | Killed Edmund
  8989 | D:6      | Reached XP level 9. HP: 50/64 MP: 18/18
  9074 | D:6      | Noticed Eustachio
  9101 | D:6      | Killed Eustachio
  9457 | D:6      | Found a broken altar of Ashenzari.
  9467 | D:6      | Became a worshipper of Ashenzari the Shackled
 10005 | D:7      | Found a staircase to the Ecumenical Temple.
 10404 | D:7      | Found a transporter.
 10418 | D:7      | Found a transporter.
 10516 | D:7      | Reached skill level 5 in Short Blades
 10994 | D:7      | Found a one-way gate to the infinite horrors of the Abyss.
 10994 | D:7      | Noticed HallandMoats's ghost (novice DsFi)
 10994 | D:7      | Noticed an orange demon
 11393 | D:7      | Learned a level 4 spell: Summon Lightning Spire
 11618 | D:8      | Found Bokymiaps's Antique Weapon Emporium.
 11738 | D:8      | Reached * piety under Ashenzari
 11738 | D:8      | Identified a scroll of acquirement
 11739 | D:8      | Acquired the +1 hat "Muemurcha" {rElec rF+ Regen+}
 11783 | D:8      | Found a burning altar of Makhleb.
 11839 | D:8      | Found a blossoming altar of Fedhas.
 12152 | D:9      | Found a runed translucent door.
 12179 | D:9      | Reached XP level 10. HP: 61/74 MP: 18/21
 12199 | D:9      | Found a shimmering altar of Xom.
 12199 | D:9      | Noticed issech's ghost (novice MiFi)
 12200 | D:9      | Noticed a +1 scimitar of chaos
 12235 | D:9      | Found a shimmering altar of Xom.
 12235 | D:9      | Found a shimmering altar of Xom.
 12237 | D:9      | Found a shimmering altar of Xom.
 12237 | D:9      | Found a shimmering altar of Xom.
 12238 | D:9      | Found a shimmering altar of Xom.
 12238 | D:9      | Found a shimmering altar of Xom.
 12240 | D:9      | Found a shimmering altar of Xom.
 12240 | D:9      | Found a shimmering altar of Xom.
 12372 | D:9      | Noticed a boulder beetle
 12412 | D:9      | Noticed a deep elf pyromancer
 12561 | D:9      | Found an iron altar of Okawaru.
 13131 | D:9      | Reached ** piety under Ashenzari
 13149 | D:9      | Identified the +6 rapier "Luydeuwus" {elec, rN+}
 13261 | D:9      | Killed a boulder beetle
 13262 | D:9      | Reached skill level 5 in Fighting
 13472 | D:9      | Noticed a mana viper
 13475 | D:10     | Entered Level 10 of the Dungeon
 13496 | D:10     | Found a staircase to the Lair.
 13496 | D:10     | Noticed an oklob plant
 13554 | D:10     | Found a sparkling altar of Nemelex Xobeh.
 13637 | D:10     | Noticed a centaur warrior
 13658 | D:10     | Killed a centaur warrior
 13731 | D:10     | Found a bloodstained altar of Trog.
 13838 | D:10     | Found Saycoqu's General Store.
 13988 | D:10     | Found a shimmering blue altar of Sif Muna.
 14122 | D:10     | Reached *** piety under Ashenzari
 14486 | D:11     | Reached XP level 11. HP: 87/87 MP: 24/26
 14491 | D:11     | Reached skill level 5 in Dodging
 14546 | D:11     | Noticed a boulder beetle
 14558 | D:11     | Killed a boulder beetle
 14627 | D:11     | Reached **** piety under Ashenzari
 14874 | D:11     | HP: 2/92 [manticore (10)]
 14874 | D:11     | Mangled by a manticore

Illustrated notes

Levels and vault maps discovered:
D:1:      lordsloth_arrival_two_stooges, layout_loops_ring,
          nicolae_ecumenical_snake_handling, minmay_misc_feat_encased
D:2:      layout_rooms
D:3:      layout_basic, kennysheep_slug_shrine
D:4:      layout_cave_pools, nicolae_kikubaaqudgha_miasma_corner,
          nicolae_underground_beach, uniq_grinder
D:5:      layout_cave_pools, uniq_prince_ribbit1
D:6:      layout_gridville, mainiacjoe_overflow_catwalk,
          mainiacjoe_overflow_concentric_impassable,
          nicolae_ossuary_entry_monument, uniq_edmund, uniq_eustachio
D:7:      layout_basic, minmay_temple_entry_hall,
          gammafunk_ghost_abyssal_escape, grunt_ministairs_9
D:8:      layout_cave_pools, mainiacjoe_overflow_six_doors_small,
          tso_metal_star, lemuel_tele_altar, kennysheep_small_square
D:9:      layout_small_grid, xom_shifter_show, okawaru_altar_gauntlet_db,
          ebering_ghost_xom, corexii_corridor_pit
D:10:     layout_long_grid, nemelex_diamond_rough_becter,
          overflow_temple_1_default, led_sif_pool, dpeg_oklobed_lair,
          serial_shops, nicolae_take_the_stairs
D:11:     layout_loops_corners, erik_orc_2, serial_park_tiny_pond,
          uniq_josephine

Skill      XL: |  1  2  3  4  5  6  7  8  9 10 11 |
---------------+----------------------------------+-----
Spellcasting   | 3 4 5 6 7 8 |  8.2
Summonings     | 4 5 6 7 8 |  8.5
Fighting       | 1 2 3 4 5 |  5.8
Short Blades   | 1 2 3 4 5 6 7 |  7.1
Dodging        | 2 3 4 5 |  5.1
Armour         | 1 2 3 4 |  4.8
Stealth        | |  1.5

Action                   |  1- 3 |  4- 6 |  7- 9 | 10-12 || total
-------------------------+-------+-------+-------+-------++-------
Melee: Unarmed           |    53 |       |       |       ||    53
       Punch             |     5 |       |    10 |     5 ||    20
       Short sword       |   104 |       |       |       ||   104
       Dagger            |     7 |    77 |   522 |   132 ||   738
       Long sword        |     7 |       |       |       ||     7
       Rapier            |       |       |       |   197 ||   197
 Cast: Summon Small Mamm |    32 |       |     1 |       ||    33
       Call Canine Famil |       |     6 |    42 |     8 ||    56
       Summon Lightning  |       |       |       |     1 ||     1
Invok: Curse Item        |       |       |     2 |     4 ||     6
Evoke: Wand              |       |       |     3 |    12 ||    15
  Use: Scroll            |       |       |     2 |     1 ||     3
 Stab: Paralysed         |       |       |     5 |     7 ||    12
       Distracted        |       |       |     2 |     1 ||     3
       Sleeping          |       |       |     4 |     1 ||     5
Armor: Robe              |    18 |    10 |    34 |       ||    62
       Steam dragon scal |       |       |    28 |    70 ||    98
Dodge: Dodged            |   175 |    60 |   453 |   338 ||  1026
       Repelled          |       |       |     2 |     5 ||     7

Table legend: (Time is in decaauts)
 A = Elapsed time spent in this place.
 B = Non-inter-level travel time spent in this place.
 C = Inter-level travel time spent in this place.
 D = Time resting spent in this place.
 E = Time spent auto-exploring this place.
 F = Levels seen in this place.
 G = Mean time per level.
                   A        B        C        D        E       F      G
               +--------+--------+--------+--------+--------+-----+--------+
         Total |  14724 |  14373 |    351 |   5206 |   6182 |  12 | 1227.0 |
       Dungeon |  13905 |  13554 |    351 |   4598 |   6177 |  11 | 1264.1 |
       Ossuary |    818 |    818 |      0 |    608 |      5 |   1 |  818.0 |
               +--------+--------+--------+--------+--------+-----+--------+

Top non-repeatable levels by time:
     D:1: 2250 daAuts
     D:4: 2236 daAuts
     D:7: 1773 daAuts
     D:5: 1690 daAuts
     D:6: 1283 daAuts
     D:9: 1237 daAuts
    D:10: 822 daAuts
 Ossuary: 818 daAuts
     D:2: 796 daAuts
     D:8: 737 daAuts
    D:11: 551 daAuts
     D:3: 525 daAuts
